 Dungeon Crawl Stone Soup version 0.23.2-40-g277498a001 (webtiles) character file.

Game seed: 17782738362525379543

576 Delarado the Firebug (level 7, -14/36 HPs)
             Began as a Deep Elf Fire Elementalist on Sept 17, 2019.
             Hit by a stone thrown by an orc warrior (18 damage)
             ... on level 5 of the Dungeon.
             The game lasted 00:21:48 (5961 turns).

Delarado the Firebug (Deep Elf Fire Elementalist)   Turns: 5961, Time: 00:21:49

Health: -14/36     AC:  3    Str:  5    XL:     7   Next: 13%
Magic:  10/13      EV: 13    Int: 22    God:
Gold:   207        SH:  0    Dex: 15    Spells: 4/12 levels left

rFire    . . .     SeeInvis .   r - +0 dagger (drain)
rCold    . . .     Gourm    .   (no shield)
rNeg     . . .     Faith    .   a - +0 robe
rPois    .         Spirit   .   (no helmet)
rElec    .         Reflect  .   (no cloak)
rCorr    .         Harm     .   (no gloves)
MR       .....                  s - +0 pair of boots
Stlth    ++........             (no amulet)
HPRegen  0.12/turn              (no ring)
MPRegen  0.13/turn              (no ring)

@: no status effects
A: no striking features
a: no special abilities


You were on level 5 of the Dungeon.
You were not hungry.

You visited 1 branch of the dungeon, and saw 5 of its levels.

You collected 207 gold pieces.

Inventory:

Hand Weapons
 h - a +0 dagger
 r - a +0 dagger of draining (weapon)
Missiles
 i - 62 stones (quivered)
Armour
 a - a +0 robe (worn)
 s - a +0 pair of boots (worn)
Scrolls
 e - 3 scrolls of blinking
 f - 2 scrolls of immolation {unknown}
 g - 3 scrolls of remove curse
 j - 2 scrolls of fear
 l - 2 scrolls of teleportation
 n - 2 scrolls of fog
 p - 2 scrolls of identify
 u - a scroll of magic mapping {unknown}
Potions
 b - a potion of degeneration
 d - 2 potions of curing
 k - 2 potions of lignification {unknown}
 m - a potion of ambrosia {unknown}
 o - a potion of invisibility
 q - a potion of brilliance {unknown}
Comestibles
 c - 7 rations


   Skills:
 - Level 2.4 Dodging
 - Level 2.4 Stealth
 - Level 3.0 Spellcasting
 + Level 5.9 Conjurations
 + Level 6.8 Fire Magic


You had 4 spell levels left.
You knew the following spells:

 Your Spells              Type           Power        Failure   Level  Hunger
a - Flame Tongue          Conj/Fire      ####.        1%          1    None
b - Conjure Flame         Conj/Fire      ####....     2%          3    ###....
c - Sticky Flame          Conj/Fire      ####....     9%          4    ####...

Your spell library contained the following spells:

 Spells                   Type           Power        Failure   Level  Hunger
 Throw Flame              Conj/Fire      ####..       1%          2    ##.....
 Inner Flame              Hex/Fire       ###.....     10%         3    ###....
 Fireball                 Conj/Fire      ####......   26%         5    ######.


Dungeon Overview and Level Annotations

Branches:
Dungeon (5/15)
 Temple: D:4-7

Altars:
Ashenzari
Fedhas
Hepliaklqana
Kikubaaqudgha
Makhleb
Ru
Sif Muna
Uskayaw
Xom
The Shining One


Message History

The flame tongue hits the ooze!
You kill the ooze!
The orc warrior throws a stone.
The stone hits you!
The orc warrior throws a stone.
The stone hits you!
* * * LOW HITPOINT WARNING * * *
You see here a stone.
As you read the scroll of fog, it crumbles to dust.
The scroll dissolves into smoke.
Casting: Flame Tongue (safe; 1% risk of failure)
Confirm with . or Enter, or press ? or * to list all spells.
Aiming: Conjure Flame (safe; 2% risk of failure)
Press: ? - help, Dir - move target cursor There's already a cloud there!
Casting: Conjure Flame (safe; 2% risk of failure)
Confirm with . or Enter, or press ? or * to list all spells.
Aiming: Conjure Flame (safe; 2% risk of failure)
Press: ? - help, Dir - move target cursor The fire ignites!
The orc warrior throws a stone.
The stone hits you!!
Ouch! That really hurt!
You die...

#.#<.[###.#.## # #.#.#.# ##..#
####### ####.....# ##.# #....5.
....>#.#.# #)# #.#####
####.#.#.#####.# #.# # #
#.#.#.......# #.# #
####.#.##.###..# ##### #.# #
#....#......#..#####§§§## #.# #
#.####......#...@§o§###§###.#####
#.#.........#..####.# #§§§(...o..
#.#.##.........# #.###§###...o..
......#.....##.# ##...## #######
#.....########.# #.§## ###.#.##
#.# #..# #....#######.#####..#
#............#......#
#........#####.###.##


You could see an orc warrior.

Vanquished Creatures
  2 scorpions
  A howler monkey (D:4)
  A bullfrog zombie (D:5)
  3 orc priests
  A hound (D:4)
  3 worker ants
  A howler monkey zombie (D:5)
  5 gnolls
  6 adders
  3 oozes
  2 dart slugs (D:1)
  2 leopard geckos
  12 orcs
  3 giant cockroaches
  4 goblins (D:1)
  5 hobgoblins
  6 jackals
  A quokka (D:4)
  6 bats
  5 frilled lizards
  14 kobolds
  6 rats
92 creatures vanquished.

Notes
Turn   | Place    | Note
-------+----------+-------------------------------------------
     0 | D:1      | Delarado the Deep Elf Fire Elementalist began the quest for
                  | the Orb.
     0 | D:1      | Reached XP level 1. HP: 10/10 MP: 6/6
   284 | D:1      | Reached XP level 2. HP: 15/15 MP: 6/8
   478 | D:1      | Reached skill level 4 in Fire Magic
   656 | D:1      | Reached XP level 3. HP: 19/19 MP: 6/9
   770 | D:1      | Learned a level 3 spell: Conjure Flame
  1234 | D:2      | Found a shattered altar of Ashenzari.
  1370 | D:2      | Found a deep blue altar of Sif Muna.
  1724 | D:3      | Reached XP level 4. HP: 24/24 MP: 7/10
  1785 | D:3      | Found a faded altar of an unknown god.
  2394 | D:3      | Learned a level 4 spell: Sticky Flame
  2551 | D:4      | Reached skill level 5 in Fire Magic
  2551 | D:4      | Reached XP level 5. HP: 28/28 MP: 3/11
  2642 | D:4      | Found a sacrificial altar of Ru.
  2681 | D:4      | Found a shimmering altar of Xom.
  4109 | D:4      | Found a hide-covered altar of Uskayaw.
  4488 | D:4      | Reached XP level 6. HP: 32/32 MP: 9/12
  4562 | D:4      | Found an ancient bone altar of Kikubaaqudgha.
  4627 | D:4      | Reached skill level 5 in Conjurations
  4627 | D:4      | Reached skill level 6 in Fire Magic
  4680 | D:5      | Entered Level 5 of the Dungeon
  4764 | D:5      | Found a hazy altar of Hepliaklqana.
  4875 | D:5      | Noticed an orc warrior
  5253 | D:5      | Reached XP level 7. HP: 36/36 MP: 8/13
  5292 | D:5      | Found a glowing golden altar of the Shining One.
  5938 | D:5      | Found a blossoming altar of Fedhas.
  5938 | D:5      | Found a burning altar of Makhleb.
  5961 | D:5      | Hit by a stone thrown by an orc warrior

Skill      XL: |  1  2  3  4  5  6 |
---------------+-------------------+-----
Conjurations   | 2 3 4 5 |  5.9
Fire Magic     | 4 5 6 |  6.8
Dodging        | |  2.4
Stealth        | |  2.4
Spellcasting   | |  3.0

Action                   |  1- 3 |  4- 6 |  7- 9 || total
-------------------------+-------+-------+-------++-------
Melee: Dagger            |       |    35 |     7 ||    42
Throw: Stone             |    37 |    35 |     4 ||    76
 Cast: Flame Tongue      |    73 |   108 |    15 ||   196
       Conjure Flame     |       |     2 |     1 ||     3
  Use: Scroll            |     7 |     1 |     1 ||     9
       Potion            |       |     2 |       ||     2
  Eat: Chunk             |     2 |     8 |     2 ||    12
       Ration            |       |     1 |       ||     1
Armor: Robe              |     1 |    11 |     1 ||    13
Dodge: Dodged            |    24 |    50 |     9 ||    83
